 Dungeon Crawl Stone Soup version 0.28-a0-750-g7c675f85b1 (webtiles) character file.

Game seed: 568530050173983992

7878 bande the Cleaver (level 11, 0/67 HPs)
             Began as a Gargoyle Fighter on Oct 30, 2021.
             Was an Elder of Okawaru.
             Slain by a boulder beetle (17 damage)
             ... on level 1 of the Lair of Beasts.
             The game lasted 00:20:01 (11079 turns).

bande the Cleaver (Gargoyle Fighter)               Turns: 11079, Time: 00:20:02

Health: 0/67       AC: 25    Str: 23    XL:     11   Next: 22%
Magic:  15/15      EV:  7    Int:  9    God:    Okawaru [****..]
Gold:   351        SH:  5    Dex: 11    Spells: 10/10 levels left

rFire   . . .      SeeInvis .   a - +1 war axe (freeze)
rCold   . . .      Faith    .   c - +0 buckler
rNeg    + . .      Spirit   .   E - +0 plate armour
rPois   ∞          Reflect  .   v - +1 helmet
rElec   +          Harm     .   (no cloak)
rCorr   +          Rampage  .   (no gloves)
Will    +....                   J - +0 pair of boots of Vanity {Fly rPois rCorr}
Stlth   ..........              B - amulet of regeneration
HPRegen 1.21/turn               l - ring of willpower
MPRegen 0.14/turn               x - +4 ring of slaying

@: flying
A: sickness immunity, AC +8, negative energy resistance 1, electricity
resistance, torment resistance 1, petrification resistance, deterioration 1,
strong 1
a: Renounce Religion, Heroism, Finesse


You were on level 1 of the Lair of Beasts.
You worshipped Okawaru.
Okawaru was greatly pleased with you.
You visited 3 branches of the dungeon, and saw 12 of its levels.
You also visited: Sewer.

You collected 550 gold pieces.
You spent 199 gold pieces at shops.

Inventory:

Hand Weapons
 a - a +1 war axe of freezing (weapon)
 k - a +0 flail of draining
 F - a +0 broad axe
Armour
 c - a +0 buckler (worn)
 v - a +1 helmet (worn)
 E - a +0 plate armour (worn)
 J - the +0 pair of boots of Vanity (worn) {Fly rPois rCorr}
   (You bought it in a shop on level 3 of the Dungeon)

   rPois:     It protects you from poison.
   Fly:       It grants you flight.
   rCorr:     It protects you from acid and corrosion.
Jewellery
 l - a ring of willpower (left hand)
 t - a ring of fire
 x - a +4 ring of slaying (right hand)
 z - the ring of Murr {Fire rPois Will+ Str+3}
   (You found it on level 7 of the Dungeon)

   [ring of fire]

   It enhances your fire magic.
   Str:       It affects your strength (+3).
   rF:        It protects you from fire.
   rC:        It makes you vulnerable to cold.
   rPois:     It protects you from poison.
   Will:      It increases your willpower.
 B - an amulet of regeneration (around neck)
 C - an amulet of guardian spirit
 H - an amulet of faith
 L - a ring of resist corrosion
 M - a ring of fire
Wands
 u - a wand of flame (11)
 I - a wand of paralysis (8)
Scrolls
 b - 2 scrolls of amnesia
 o - 7 scrolls of teleportation
 p - a scroll of magic mapping
 q - 2 scrolls of enchant weapon
 r - a scroll of fear
 y - 2 scrolls of identify
 D - a scroll of brand weapon
Potions
 d - 3 potions of might
 e - a potion of berserk rage
 f - 2 potions of ambrosia
 g - 8 potions of heal wounds
 h - 3 potions of curing
 i - 2 potions of invisibility
 j - 6 potions of haste
 m - 2 potions of resistance
 n - a potion of brilliance {unknown}
 s - 2 potions of cancellation {unknown}
 w - a potion of lignification {unknown}
 A - a potion of attraction {unknown}
 K - 3 potions of magic {unknown}


   Skills:
 + Level 7.4 Fighting
 + Level 10.0 Axes
 + Level 8.7 Armour
 - Level 0.2 Stealth
 + Level 5.9 Shields
 * Level 5.6 Invocations
 * Level 5.5 Evocations


You had 10 spell levels left.
You didn't know any spells.
Your spell library contained the following spells:

 Spells                   Type           Power      Damage    Failure   Level
 Fulminant Prism          Conj/Hex       0%         3d6       100%        4
 Iskenderun's Mystic Bla  Conj/Tloc      0%         2d3       100%        4
 Lee's Rapid Deconstruct  Erth           0%         3d5*      100%        5
 Orb of Destruction       Conj           0%         N/A       100%        7
 Summon Guardian Golem    Hex/Summ       Unusable   N/A       N/A         3
 Spellforged Servitor     Conj/Summ      Unusable   N/A       N/A         7

Dungeon Overview and Level Annotations

Branches:
Dungeon (10/15)            Temple (1/1) D:5            Lair (1/6) D:10
  Sewer (visited)
    Orc: D:9-12

Altars:
Dithmenos
Elyvilon
Hepliaklqana
Makhleb
Nemelex Xobeh
Okawaru
Qazlal
Uskayaw
Wu Jian
Xom
Yredelemnul
Zin

Shops:
D:3 (*[?*   D:6 **?   D:9 [=   D:10 (

Annotations:
D:5 2 transporters, spiderkeys's ghost, novice KoAK


Innate Abilities, Weirdness & Mutations

You are immune to sickness and miasma.
Your stone body is resilient. (AC +8)
You are immune to poison.
You resist negative energy. (rN+)
You are resistant to electric shocks. (rElec)
You are resistant to unholy torment.
You are immune to petrification.
Your body sometimes deteriorates upon taking damage.
Your muscles are strong. (Str +2)


Message History

Okawaru accepts your kill.
No target in view!
No target in view!
No target in view!
No target in view!
No target in view!
As you read the scroll of identify, it crumbles to dust.
i - 2 potions of invisibility You can't see any enemies this would affect, really read the scroll of fear?
Okay, then.
As you read the scroll of magic mapping, it crumbles to dust.
You feel aware of your surroundings.
You sensed 2 altars, and 1 shop/portal.
You hear the beating of a very distant drum.
Found 2 potions of heal wounds.
g - 8 potions of heal wounds (gained 2)
You hear the beating of a drum very nearby.
Found a scroll of teleportation.
o - 7 scrolls of teleportation (gained 1)
Found 11 gold pieces.
Found a stone staircase leading down.
You now have 351 gold pieces (gained 11).
Found a worn iron wand.
Found a jade ring.
You see here a wand of charming (10).
Found a hide-covered altar of Uskayaw.
A boulder beetle comes into view.
You hear the loud beating of a drum nearby.
The boulder beetle curls into a ball and begins rolling!
You see here a ring of poison resistance.
Found an ornate altar of the Wu Jian Council.
You see here a ring of poison resistance.
The boulder beetle hits you!!!
Ouch! That really hurt!
The boulder beetle stops rolling and uncurls.
You hit the boulder beetle but do no damage.
The boulder beetle bites you!
* * * LOW HITPOINT WARNING * * *
You hit the boulder beetle but do no damage.
The boulder beetle bites you!
You die...

### ### *## ***
###.#####.###.#########*****,****
......................,.,,,,,,,,,
........................,,,,,,,,,
##..##.####/.####..#,..#*,****,,*
##..P#.##.P.#.#...#,....,,*,**,,*
..>..............##≈.≈.≈,≈**,,,,,
...............=@B≈.≈.≈.≈,≈,,,,,,
#####...##..#.##...≈._._,≈,,,****
* ##..########..≈.≈.≈.≈,≈,** *
*****#..#*****,..##≈.≈.≈,≈*******
,,,,,.,,,,,,,,....*.....,,*,,,,,,
,,,,,,,,,,,,,.....,,....,,,,,,,,,
,,,,*,**,***###..##**###******,,*
,,,,********* #..# **,,*
,,,,*****,*,**#..#***********,,,*


You could see a boulder beetle.

Vanquished Creatures
  A centaur warrior (D:7)
  2 two-headed ogres
  A tengu warrior (D:10)
  A troll (D:8)
  A meliai (D:10)
  Grinder (D:3)
  2 shadows
  A wyvern (D:9)
  2 wraiths (D:10)
  An acid dragon (D:9)
  4 water moccasins
  An ice beast (D:6)
  3 orc warriors
  2 necrophages (D:6)
  2 centaurs
  A kobold brigand (D:9)
  5 bullfrogs
  3 scorpions (D:5)
  A wyvern zombie (D:8)
  A gnoll sergeant (D:9)
  2 water moccasin skeletons
  11 killer bees
  An electric eel (Lair:1)
  A bullfrog zombie (D:7)
  4 centaur zombies
  2 hounds
  4 orc priests
  Jessica (D:3)
  2 iguanas
  10 orc wizards
  A scorpion zombie (D:5)
  A killer bee zombie (D:8)
  A howler monkey zombie (D:9)
  A howler monkey skeleton (D:5)
  4 gnolls (D:9)
  14 adders
  5 river rats (Sewer)
  A shadow imp (D:6)
  A white imp (D:3)
  2 ufetubi
  An adder skeleton (D:4)
  3 dart slugs
  27 orcs
  7 bats
  4 endoplasms
  4 giant cockroaches
  5 goblins
  3 hobgoblins
  3 jackals (D:1)
  7 quokkas
  14 ball pythons
  9 frilled lizards
  11 kobolds
  28 rats
231 creatures vanquished.

Vanquished Creatures (others)
  A fungus (Lair:1)
  A plant (Lair:1)
2 creatures vanquished.

Grand Total: 233 creatures vanquished

Notes
Turn   | Place    | Note
-------+----------+-------------------------------------------
     0 | D:1      | bande the Gargoyle Fighter began the quest for the Orb.
     0 | D:1      | Reached XP level 1. HP: 14/14 MP: 1/1
   205 | D:1      | Reached XP level 2. HP: 14/19 MP: 2/2
   366 | D:1      | Reached skill level 2 in Axes
  1177 | D:1      | Reached XP level 3. HP: 24/24 MP: 3/3
  1433 | D:1      | Found a faded altar of an unknown god.
  2211 | D:2      | Reached XP level 4. HP: 22/29 MP: 4/4
  2692 | D:3      | Reached skill level 3 in Axes
  2880 | D:3      | Found Fiedgh's Magic Scroll Emporium.
  2898 | D:3      | Gained mutation: Your magical capacity is low. (-10% MP)
                  | [potion of mutation]
  2898 | D:3      | Gained mutation: You are frail. (-10% HP) [potion of
                  | mutation]
  2898 | D:3      | Gained mutation: You have sharp toenails. [potion of
                  | mutation]
  2899 | D:3      | Lost mutation: You are frail. (-10% HP) [potion of
                  | mutation]
  2899 | D:3      | Lost mutation: You have sharp toenails. [potion of
                  | mutation]
  2899 | D:3      | Gained mutation: Your mind is acute. (Int +2) [potion of
                  | mutation]
  2899 | D:3      | Gained mutation: You have a pair of small horns on your
                  | head. [potion of mutation]
  2980 | D:3      | Found Gaczucs's Antique Armour Boutique.
  3017 | D:3      | Found Fucs's Assorted Antiques.
  3116 | D:3      | Reached XP level 5. HP: 24/33 MP: 4/4
  3262 | D:3      | Noticed Jessica
  3272 | D:3      | Killed Jessica
  3273 | D:3      | Reached skill level 4 in Axes
  3273 | D:3      | Reached XP level 6. HP: 9/38 MP: 5/5
  3646 | D:3      | Found Ydaecor's General Store.
  3675 | D:3      | Found Yggik's Antique Weapon Shop.
  3695 | D:3      | Noticed Grinder
  3711 | D:3      | Killed Grinder
  3712 | D:3      | Reached XP level 7. HP: 44/44 MP: 6/6
  3998 | D:4      | Found a glowing drain.
  4021 | Sewer    | Entered a sewer
  4048 | Sewer    | Reached skill level 5 in Axes
  4201 | Sewer    | Reached skill level 5 in Armour
  5095 | D:5      | Entered Level 5 of the Dungeon
  5116 | D:5      | Reached skill level 5 in Fighting
  5134 | D:5      | You fall into a shaft and drop 3 floors!
  5173 | D:8      | Noticed a troll
  5182 | D:8      | Killed a troll
  5183 | D:8      | Reached skill level 6 in Axes
  5183 | D:8      | Reached skill level 1 in Evocations
  5183 | D:8      | Reached XP level 8. HP: 10/49 MP: 7/7
  5628 | D:7      | Identified the ring of Murr {Fire rPois Will+ Str+3}
  5859 | D:6      | Found Maagaj's Lightly-Used Armoury.
  5897 | D:6      | Found Lutoy's Elemental Accessories.
  6220 | D:5      | Reached skill level 7 in Axes
  6286 | D:5      | Found a staircase to the Ecumenical Temple.
  6297 | Temple   | Entered the Ecumenical Temple
  6346 | Temple   | Became a worshipper of Warmaster Okawaru
  6454 | D:5      | Reached XP level 9. HP: 48/54 MP: 8/8
  6455 | D:5      | Lost mutation: You have a pair of small horns on your head.
                  | [potion of mutation]
  6455 | D:5      | Lost mutation: Your magical capacity is low. (-10% MP)
                  | [potion of mutation]
  6455 | D:5      | Lost mutation: Your mind is acute. (Int +2) [potion of
                  | mutation]
  6455 | D:5      | Gained mutation: Your muscles are strong. (Str +2) [potion
                  | of mutation]
  6455 | D:5      | Gained mutation: Your body sometimes deteriorates upon
                  | taking damage. [potion of mutation]
  6479 | D:5      | Found a hazy altar of Hepliaklqana.
  6510 | D:5      | Found a glowing silver altar of Zin.
  6626 | D:5      | Reached skill level 1 in Invocations
  6743 | D:5      | Noticed spiderkeys's ghost (novice KoAK)
  6750 | D:5      | Found a transporter.
  6755 | D:5      | Found a transporter.
  6796 | D:5      | Noticed a two-headed ogre
  7161 | D:6      | Found Paquk's Magic Scroll Shoppe.
  7328 | D:6      | Reached skill level 5 in Shields
  7698 | D:7      | Found a hide-covered altar of Uskayaw.
  7789 | D:8      | Noticed a centaur warrior
  7803 | D:7      | Killed a centaur warrior
  7803 | D:7      | Reached * piety under Okawaru
  7804 | D:7      | Reached skill level 8 in Axes
  7939 | D:7      | Reached ** piety under Okawaru
  8322 | D:8      | Reached XP level 10. HP: 60/60 MP: 12/12
  8661 | D:9      | Found a sparkling altar of Nemelex Xobeh.
  8661 | D:9      | Found a shadowy altar of Dithmenos.
  8764 | D:9      | Found Edug's Jewellery Shoppe.
  8779 | D:9      | Noticed a two-headed ogre
  8790 | D:9      | Killed a two-headed ogre
  8790 | D:9      | Reached *** piety under Okawaru
  8791 | D:9      | Reached skill level 9 in Axes
  9090 | D:9      | Found Fihotody's Armour Emporium.
  9140 | D:9      | Reached **** piety under Okawaru
  9703 | D:3      | Bought a pair of shimmering boots for 199 gold pieces
  9703 | D:3      | Identified the +0 pair of boots of Vanity {Fly rPois rCorr}
                  | (You bought it in a shop on level 3 of the Dungeon)
  9814 | D:10     | Entered Level 10 of the Dungeon
  9814 | D:10     | Found Ciseul's Weapon Shoppe.
  9851 | D:10     | Found a staircase to the Lair.
 10025 | D:10     | Reached skill level 5 in Evocations
 10187 | D:10     | Noticed a tengu warrior
 10231 | D:10     | Reached skill level 5 in Invocations
 10231 | D:10     | Noticed a two-headed ogre
 10260 | D:10     | Killed a two-headed ogre
 10261 | D:10     | Reached XP level 11. HP: 49/67 MP: 14/14
 10323 | D:10     | Killed a tengu warrior
 10323 | D:10     | Received a gift from Okawaru
 10463 | D:10     | Found a white marble altar of Elyvilon.
 10463 | D:10     | Found a burning altar of Makhleb.
 10466 | D:10     | Found a stormy altar of Qazlal.
 10634 | D:10     | Reached skill level 10 in Axes
 10870 | Lair:1   | Entered Level 1 of the Lair of Beasts
 11072 | Lair:1   | Found a hide-covered altar of Uskayaw.
 11073 | Lair:1   | Noticed a boulder beetle
 11074 | Lair:1   | Found an ornate altar of the Wu Jian Council.
 11079 | Lair:1   | Slain by a boulder beetle

Illustrated notes

Levels and vault maps discovered:
D:1:      dpeg_arrival_tiny_k, layout_basic,
          shapermc_ecumenical_altar_notcrosses
D:2:      layout_basic, serial_bayou_lake_a
D:3:      layout_basic, serial_shops, nicolae_shop_waterfront, shop_fountains,
          nicolae_shop_trees, nicolae_shop_window_shopping,
          nicolae_shop_crystal, grunt_ministairs_2, uniq_jessica, uniq_grinder
D:4:      layout_cave_pools, portal_sewer_entry_b
D:5:      layout_loops_ring, mainiacjoe_overflow_two_lobes,
          minmay_temple_entry_hall, gammafunk_ghost_hive, lightli_corner_chamber
D:6:      layout_loops_ring, serial_shops, nicolae_stop_n_shop_2,
          nicolae_elemental_shop, minmay_shop_damaged
D:7:      layout_basic, old_standard_altar, due_unseen_surprise
D:8:      layout_basic, grunt_ministairs_6, hangedman_glass_teeth
D:9:      layout_cave_pools, chequers_temple_overflow_statue_of_worship,
          serial_shops, nicolae_shop_crystal, nicolae_shop_waterfront,
          grunt_ministairs_13
D:10:     layout_layer_cave, minitemple, lair_entry_dummy,
          nicolae_stop_n_shop_1, minmay_checkerbox
Temple:   minmay_temple_curvy_branch
Lair:1:   dreamdust_labyrinth, layout_long_grid, gauntlet_entry_generic,
          nzn_masters_of_martial_movement, infiniplex_staircase_pool

Skill      XL: |  1  2  3  4  5  6  7  8  9 10 11 |
---------------+----------------------------------+-----
Axes           | 2 3 4 6 7 8 9 10 | 10.0
Fighting       | 4 5 6 7 |  7.4
Armour         | 4 5 6 7 8 |  8.7
Shields        | 4 5 |  5.9
Evocations     | 1 2 4 5 |  5.5
Invocations    | 3 5 |  5.6
Stealth        | |  0.2

Action                   |  1- 3 |  4- 6 |  7- 9 | 10-12 || total
-------------------------+-------+-------+-------+-------++-------
Melee: War axe           |   151 |    56 |   334 |   168 ||   709
       Headbutt          |       |     5 |    26 |       ||    31
  Use: Scroll            |     3 |     4 |     8 |     7 ||    22
       Potion            |       |     3 |     1 |       ||     4
Armor: Scale mail        |    93 |    23 |   141 |       ||   257
       Chain mail        |       |       |    61 |       ||    61
       Plate armour      |       |       |    11 |   191 ||   202
Dodge: Dodged            |    74 |    28 |   162 |    92 ||   356
Block: Buckler           |    34 |    16 |    80 |    45 ||   175

Table legend: (Time is in decaauts)
 A = Elapsed time spent in this place.
 B = Non-inter-level travel time spent in this place.
 C = Inter-level travel time spent in this place.
 D = Time resting spent in this place.
 E = Time spent auto-exploring this place.
 F = Levels seen in this place.
 G = Mean time per level.
                   A        B        C        D        E       F      G
               +--------+--------+--------+--------+--------+-----+--------+
         Total |  11328 |  11038 |    290 |   1666 |   7008 |  13 |  871.4 |
       Dungeon |  10464 |  10174 |    290 |   1666 |   6551 |  10 | 1046.4 |
        Temple |     86 |     86 |      0 |      0 |     40 |   1 |   86.0 |
          Lair |    208 |    208 |      0 |      0 |     23 |   1 |  208.0 |
         Sewer |    567 |    567 |      0 |      0 |    393 |   1 |  567.0 |
               +--------+--------+--------+--------+--------+-----+--------+

Top non-repeatable levels by time:
     D:1: 1718 daAuts
     D:3: 1340 daAuts
     D:8: 1079 daAuts
    D:10: 1058 daAuts
     D:9: 1026 daAuts
     D:2: 1010 daAuts
     D:5: 928 daAuts
     D:7: 919 daAuts
     D:4: 697 daAuts
     D:6: 685 daAuts
   Sewer: 567 daAuts
  Lair:1: 208 daAuts
  Temple: 86 daAuts
